Unix NetHack Version 5.0.0-0 post-release - last build May  4 2026 22:22:43 (774f63e81ad911689b3a0859ea89b322d5daca8d,branch:main).

Game began 2026-05-08 23:12:10, ended 2026-05-09 07:59:35.

Ackbladder, neutral female gnomish Wizard

                                     -----
                                     |...|
                                     |...|
                                    #-(.||
      ---------                     #|..^|
      |.......|                     #---)-       ---------------
      |........################ #####   #     ###-.............|     --------
      |......_|                 #       #     #  |.............|    #.......|
      |.......|               #@#       #     #  |..............#####|.....<|
      |........####  ---------#         [     #  ---------------    #.......|
      ---------   #  |.......o#         #     #                      --------
                  ###|..>....|          #    ##
                    #-.......|          #    #
                     ---------        --|----#
                                      |.....|#
                                      |.....|#
                                      |.....-#
                                      |.....|
                                      -------

Ackbladder the Conjurer   St:10 Dx:13 Co:14 In:19 Wi:9 Ch:11  Neutral
Dlvl:5  $:72 HP:0(36) Pw:21(35) AC:9  Xp:5 T:2064 

Latest messages:
 The magic-absorbing blade stuns the grid bug!  You kill the grid bug!
 Restoring save file...
 Hello Ackbladder, the gnomish Wizard, welcome back to NetHack!
 In what direction? 6
 The spell hits the yellow mold!
 You kill the yellow mold!
 Where do you want to travel to?
 (For instructions type a '?')
 The goblin throws a crude dagger!
 You are hit by a crude dagger.
 The magic-absorbing blade stuns the goblin!
 You kill the goblin!
 You see here an iron skull cap.
 In what direction? 2
 The spell misses the leprechaun.
 The leprechaun wakes up!
 The leprechaun screams!
 In what direction? 2
 The spell hits the leprechaun!
 The leprechaun hits!
 Your purse feels lighter.
 The leprechaun vanishes!
 In what direction? 8
 The spell hits the bat!
 You kill the bat!
 The spell hits the bat!
 You kill the bat!
 You see here an iron skull cap.
 The bat bites!
 The bat bites!
 You kill the bat!
 There is a broken door here.
 You see here a crude dagger.
 You see here an empty unlocked large box.
 The Uruk-hai wields a crude short sword!
 The Uruk-hai thrusts his crude short sword.
 The Uruk-hai hits!
 You hit the Uruk-hai.
 The Uruk-hai thrusts his crude short sword.
 The Uruk-hai hits!
 The magic-absorbing blade scares the Uruk-hai!
 You kill the Uruk-hai!
 There are several objects here.
 There is an Uruk-hai corpse here; eat it? [ynq] (n) y
 This Uruk-hai corpse is tough.
 The Uruk-hai shoots 2 poisoned crude arrows!
 You are hit by the 1st poisoned crude arrow!
 The poison was deadly...
 Do you want your possessions identified? [ynq] (y) y
 Do you want to see your attributes? [ynq] (y) q

Inventory:
 Coins    ('$')
  $ - 72 gold pieces
 Weapons  (')')
  p - 7 +0 arrows
  w - the rustproof +0 Magicbane (weapon in right hand)
  o - a +0 orcish dagger
  a - a blessed +1 quarterstaff
 Armor    ('[')
  r - an uncursed +0 orcish helm
  b - an uncursed +0 cloak of magic resistance (being worn)
 Scrolls  ('?')
  C - 2 uncursed scrolls of blank paper
  i - an uncursed scroll of confuse monster
  y - a blessed scroll of enchant armor
  t - an uncursed scroll of enchant weapon
  h - 2 uncursed scrolls of gold detection
  j - an uncursed scroll of scare monster
 Spellbooks  ('+')
  D - an uncursed spellbook of blank paper
  B - an uncursed spellbook of cure sickness
  k - a blessed spellbook of force bolt
  l - an uncursed spellbook of healing
 Potions  ('!')
  f - 3 uncursed potions of extra healing
  x - an uncursed potion of fruit juice
  g - a blessed potion of gain energy
  E - an uncursed potion of gain energy
  s - 5 uncursed potions of healing
  F - an uncursed potion of levitation
  A - an uncursed potion of object detection
 Rings    ('=')
  d - an uncursed ring of free action (on right hand)
  e - an uncursed ring of searching (on left hand)
 Wands    ('/')
  c - a wand of cancellation (0:5)
 Tools    ('(')
  m - a magic marker (0:19)
  q - a cursed skeleton key
 Gems/Stones  ('*')
  u - an uncursed worthless piece of white glass

Ackbladder the Wizard's attributes:

Background:
 You were a Conjurer, a level 5 female gnomish Wizard.
 You were neutral, on a mission for Thoth
 who was opposed by Ptah (lawful) and Anhur (chaotic).
 You were right-handed.
 You were in the Dungeons of Doom, on level 5.
 You entered the dungeon 2064 turns ago.
 You had 217 experience points, 103 more were needed to attain level 6.

Basics:
 You had 0 out of 36 hit points.
 You had 21 out of 35 energy points (spell power).
 Your armor class was 9.
 Your wallet contained 72 zorkmids.
 Autopickup was off.

Final Characteristics:
 Your strength was 10 (limit:18/50).
 Your dexterity was 13 (limit:18).
 Your constitution was 14 (limit:18).
 Your intelligence was 19 (limit:19).
 Your wisdom was 9 (limit:18).
 Your charisma was 11 (limit:18).

Final Status:
 You weren't hungry.
 You were unencumbered.
 You were wielding a dagger.
 You were unskilled in dagger.

Final Attributes:
 You were piously aligned.
 You were magic-protected.
 You were telepathic.
 You had automatic searching.
 You had infravision.
 You were warded.
 You had free action.
 You are dead.

Miscellaneous:
 You didn't encounter any bones levels.
 Total elapsed playing time was 41 minutes and 4 seconds.

Major events:
 Turn
    1: Ackbladder the neutral female gnomish Wizard entered the dungeon
  367: attained the rank of Conjurer (level 3)
 1010: entered the Gnomish Mines
 1627: was bestowed with Magicbane by Thoth
 2064: poisoned by an orcish arrow

Spells:
 Name                 Level Category     Fail Retention
 force bolt             1   attack         0%   81%-90%
 healing                1   healing        0%  76%-100%
 cure sickness          3   healing       79%  76%-100%

Skills:
 Fighting Skills
   bare handed combat [Unskilled]
   riding             [Unskilled]
 Weapon Skills
   dagger             [Unskilled]
   knife              [Unskilled]
   axe                [Unskilled]
   short sword        [Unskilled]
   club               [Unskilled]
   mace               [Unskilled]
   quarterstaff       [Basic]
   polearms           [Unskilled]
   spear              [Unskilled]
   trident            [Unskilled]
   sling              [Unskilled]
   dart               [Unskilled]
   shuriken           [Unskilled]
 Spellcasting Skills
   attack spells      [Basic]
   healing spells     [Unskilled]
   divination spells  [Unskilled]
   enchantment spells [Basic]
   clerical spells    [Unskilled]
   escape spells      [Unskilled]
   matter spells      [Unskilled]

Voluntary challenges:
 Character rerolling was not enabled.
 You never genocided any monsters.
 You never polymorphed an object.
 You never changed form.
 You used no wishes.
Achievements:
 You attained the rank of Conjurer.
 You entered a shop.
 You entered the Gnomish Mines.

 The Dungeons of Doom: levels 1 to 6
    Level 1:
       A fountain.
    Level 2:
       A vegetarian food shop, a fountain.
    Level 3:
       Many fountains.
       Stairs down to The Gnomish Mines.
    Level 4:
       A potion shop, a fountain, a sink.
    Level 5: <- You were here.
       An altar to Thoth, a grave.
       Final resting place for
          you, poisoned by an orcish arrow.
    Level 6:
 The Gnomish Mines:
    Level 4:


Vanquished creatures:
 an imp
 an Uruk-hai
  a gray ooze
  a straw golem
  a paper golem
  a floating eye
  a kitten
  2 giant bats
  a dwarf zombie
  2 iguanas
 an acid blob
  a gas spore
  a large kobold
  a hobgoblin
  3 yellow molds
  a green mold
  a red mold
  3 jackals
  2 foxes
  a kobold
  2 goblins
  2 sewer rats
  6 grid bugs
  3 bats
  2 lichens
  8 newts
50 creatures vanquished.

No species were genocided or became extinct.

Game over:
                       ----------
                      /          \
                     /    REST    \
                    /      IN      \
                   /     PEACE      \
                  /                  \
                  |    Ackbladder    |
                  |      72 Au       |
                  |  poisoned by an  |
                  |   orcish arrow   |
                  |                  |
                  |                  |
                  |       2026       |
                 *|     *  *  *      | *
        _________)/\\_//(\/(/\)/\//\/|_)_______

Goodbye Ackbladder the Wizard...

You were poisoned in The Dungeons of Doom on dungeon level 5 with 1183 points,
and 72 pieces of gold, after 2064 moves.
You were level 5 with a maximum of 36 hit points when you were poisoned.

